AoeStats
← Sergeantmilan97

Arena

509121460Analyzed
3v3 RM · 6d ago on Sep 25, 2026· 40m 12s· 6 players
Game mode
Random Map
Map size
Normal (6 player)
Population
200
Speed
Normal
Resources
Standard
Victory
Conquest
Starting age
Dark Age
Ending age
Imperial Age
RankedLock teamsTeams togetherTeam positionsShared explorationLock speedFull tech treeHidden civsTurbo modeCheats
Victory
Defeat
🇩🇪 Cumans · Germany
1463
+13
🇨🇳 Franks · China
1430
+15
🇲🇴 Spanish · Macao SAR China
1393
+16
🇳🇱 Celts · Netherlands
1521
-19
🇩🇪 Persians · Germany
1357
-13
🇩🇪 Armenians · Germany
1323
-12
P1nGp0nG
9:52 Feudal Age
13:20 Castle Age
11:47 Double-Bit Axe
15:13 Horse Collar
16:27 Loom
20:49 Bow Saw
21:01 Heavy Plow
22:08 Gold Mining
24:14 Fletching
30:37 Husbandry
30:48 Bloodlines
32:32 Scale Barding Armor
32:38 Forging
35:47 Chain Barding Armor
36:02 Iron Casting
39:09 Imperial Age
40:00 Gold Shaft Mining
39:46 Cavalier
El_Stino
10:51 Feudal Age
12:04 Double-Bit Axe
14:40 Castle Age
12:44 Horse Collar
13:32 Forging
13:22 Scale Mail Armor
13:28 Man-at-Arms
15:01 Loom
25:12 Bow Saw
26:47 Wheelbarrow
28:58 Hand Cart
32:42 Imperial Age
30:31 Scale Mail Armor
29:53 Pikeman
31:34 Iron Casting
31:32 Chain Mail Armor
32:45 Halberdier
34:10 Plate Mail Armor
35:22 Blast Furnace
35:53 Capped Ram
37:04 Heavy Scorpion
39:13 Furor Celtica
41:02 Chemistry
BeyondRage
4:55 Loom
10:29 Feudal Age
11:20 Horse Collar
16:09 Castle Age
18:24 Wheelbarrow
18:38 Double-Bit Axe
20:33 Bow Saw
20:29 Gold Mining
21:44 Hand Cart
22:11 Scale Mail Armor
23:07 Forging
23:32 Chain Mail Armor
23:21 Squires
23:38 Man-at-Arms
25:05 Iron Casting
24:32 Long Swordsman
24:58 Gambesons
25:14 Two-Handed Swordsman
27:24 Arson
29:26 Gold Shaft Mining
30:06 Pikeman
34:37 Imperial Age
jimmy211211
11:45 Feudal Age
15:13 Castle Age
13:15 Horse Collar
13:29 Loom
14:34 Double-Bit Axe
29:02 Bow Saw
30:18 Wheelbarrow
29:28 Town Watch
33:57 Imperial Age
34:36 Ballistics
34:07 Fletching
34:18 Padded Archer Armor
35:01 Husbandry
35:12 Bloodlines
36:29 Chemistry
36:30 Bodkin Arrow
36:50 Leather Archer Armor
37:15 Gold Mining
37:15 Stone Mining
38:06 Bracer
38:36 Ring Archer Armor
41:17 Two-Man Saw
Sergeantmilan97
8:55 Feudal Age
9:39 Double-Bit Axe
15:39 Wheelbarrow
15:17 Gold Mining
15:23 Horse Collar
20:29 Castle Age
19:12 Scale Barding Armor
19:37 Forging
20:27 Stone Mining
21:45 Bow Saw
21:39 Heavy Plow
23:15 Gold Shaft Mining
23:12 Hand Cart
22:43 Loom
22:44 Town Watch
23:48 Chain Barding Armor
25:38 Iron Casting
25:44 Town Patrol
26:28 Bloodlines
29:04 Imperial Age
26:59 Steppe Husbandry
30:36 Plate Barding Armor
31:10 Conscription
33:10 Blast Furnace
32:07 Elite Steppe Lancer
QHB挂b户口本1页
11:43 Feudal Age
16:01 Castle Age
13:54 Double-Bit Axe
17:19 Bow Saw
18:43 Scale Mail Armor
19:27 Forging
22:00 Squires
21:51 Arson
28:20 Gold Mining
28:21 Stone Mining
29:08 Wheelbarrow
28:19 Town Watch
33:08 Imperial Age
31:37 Gold Shaft Mining
31:17 Loom
32:22 Hand Cart
34:15 Chain Mail Armor
34:36 Iron Casting
33:26 Elite Throwing Axeman
35:00 Conscription
37:31 Chemistry
36:43 Fortified Wall
36:44 Masonry
39:56 Plate Mail Armor
40:26 Blast Furnace
Connection lost

Rejoining the realm…

Still unreachable

The connection could not be restored.

Session expired

The server has moved on; the page needs a fresh start.